 Dungeon Crawl Stone Soup version 0.31.0-11-ge490571c62 (webtiles) character file.

Game seed: 7088793328466405079

163 Gadfly the Insei (level 5, -1/41 HPs)
             Began as a Demonspawn Monk on Feb 2, 2024.
             Splashed by a jelly's acid (8 damage)
             ... on level 4 of the Dungeon.
             The game lasted 00:03:11 (2561 turns).

Gadfly the Insei (Demonspawn Monk)                  Turns: 2561, Time: 00:03:12

Health: -1/41      AC: -6    Str: 11 (14) XL:     5   Next: 20%
Magic:  5/5        EV: 13    Int:  8 (10) God:
Gold:   2180       SH:  0    Dex: 14 (15) Spells: 4/4 levels left

rFire   . . .        b - +0 whip (venom)
rCold   . . .        c - orb {light}
rNeg    . . .        a - +0 robe
rPois   .            (helmet restricted)
rElec   .            (no cloak)
rCorr   .            l - +0 pair of gloves
SInv    .            (no boots)
Will    .....        (no amulet)
Stlth   +            (no ring)
HPRegen 0.26/turn    (no ring)
MPRegen 0.09/turn

%: no passive effects
@: corroded, glowing
A: antennae 1, thin metallic scales 2
a: no special abilities


You were on level 4 of the Dungeon.
You visited 1 branch of the dungeon, and saw 4 of its levels.

You collected 2180 gold pieces.

Inventory:

Hand Weapons
 b - a +0 whip of venom (weapon)
Armour
 a - a +0 robe (worn)
 c - an orb of light (worn)
 l - a +0 pair of gloves (worn)
Jewellery
 g - a ring of ice
Talismans
 e - a flux talisman
Scrolls
 d - a scroll of poison
Potions
 f - a potion of berserk rage
 h - a potion of haste
 j - 2 potions of cancellation
 k - a potion of curing
 m - a potion of ambrosia


   Skills:
 - Level 3.0 Fighting
 + Level 3.1 Dodging
 * Level 3.6 Unarmed Combat
 * Level 2.4 Evocations
 * Level 2.0 Shapeshifting


You had 4 spell levels left.
You didn't know any spells.
Your spell library contained the following spells:

 Spells                   Type           Power      Damage    Failure   Level
 Kiss of Death            Conj/Necr      0%         2d5       41%         1
 Confusing Touch          Hex            0%         N/A       78%         3
 Animate Dead             Necr           0%         N/A       99%         4
 Dispel Undead            Necr           0%         3d6       99%         4
 Haunt                    Necr/Summ      0%         N/A       100%        7
 Infestation              Necr           0%         N/A       100%        8


Dungeon Overview and Level Annotations

Branches:
Dungeon (4/15)
 Temple: D:4-7

Altars:


Innate Abilities, Weirdness & Mutations

You have a pair of small antennae on your head.
You are mostly covered in thin metallic scales. (AC +3)


Message History

There are monsters nearby!
The adder closely misses you.
The jelly jiggles.
You hit the adder.
The adder is poisoned.
The adder is heavily wounded.
The adder bites you.
You hit the adder.
You kill the adder!
Your Shapeshifting skill increases to level 2!
No target in view!
No target in view!
No target in view!
No target in view!
No target in view!
No target in view!
No target in view!
No target in view!
No target in view!
No target in view!
A jelly is nearby!
You hit the jelly. The acid corrodes you!
Your hands burn!
The jelly is moderately wounded.
The jelly hits you. The acid corrodes you!
You are splashed with acid!
You hit the jelly but do no damage. The acid corrodes you!
Your hands burn!
The jelly is moderately wounded.
The jelly hits you.
You are splashed with acid!
* * * LOW HITPOINT WARNING * * *
You are too injured to fight recklessly!
You are too injured to fight recklessly!
You are too injured to fight recklessly!
You are too injured to fight recklessly!
A jelly is nearby!
Unknown command.
You hit the jelly but do no damage.
Your hands burn!
* * * LOW HITPOINT WARNING * * *
The jelly is moderately wounded.
The jelly hits you.
* * * LOW HITPOINT WARNING * * *
The acid corrodes you!
You are splashed with acid!
You die...

#########
#.......#
#.......# .
#....<..##....
#.....@J....#
#.........#...
#.......#...#
#.......# ...#
######### .?#
.. .


You could see a jelly.

Vanquished Creatures
  An orc wizard (D:3)
  3 gnolls (D:3)
  5 adders
  A ribbon worm (D:2)
  3 dart slugs
  4 orcs (D:3)
  6 bats
  6 endoplasms
  2 giant cockroaches (D:1)
  3 goblins
  4 hobgoblins
  3 jackals (D:1)
  4 ball pythons
  3 frilled lizards
  2 kobolds
  5 rats
55 creatures vanquished.

Notes
Turn   | Place    | Note
-------+----------+-------------------------------------------
     0 | D:1      | Gadfly the Demonspawn Monk began the quest for the Orb.
     0 | D:1      | Reached XP level 1. HP: 18/18 MP: 1/1
   102 | D:1      | Gained mutation: You have a pair of small antennae on your
                  | head. [demonic ancestry]
   102 | D:1      | Reached XP level 2. HP: 21/24 MP: 2/2
   445 | D:1      | Reached skill level 1 in Evocations
   623 | D:1      | Reached skill level 1 in Shapeshifting
   690 | D:1      | Identified 2 scrolls of acquirement
   690 | D:1      | Acquired 1056 gold pieces
   692 | D:1      | Acquired 969 gold pieces
   758 | D:2      | Reached XP level 3. HP: 19/29 MP: 3/3
   822 | D:2      | Found a faded altar of an unknown god.
  1313 | D:2      | Gained mutation: You are partially covered in thin metallic
                  | scales. (AC +2) [demonic ancestry]
  1313 | D:2      | Reached XP level 4. HP: 35/35 MP: 4/4
  2314 | D:3      | Gained mutation: You are mostly covered in thin metallic
                  | scales. (AC +3) [demonic ancestry]
  2314 | D:3      | Reached XP level 5. HP: 28/41 MP: 5/5
  2561 | D:4      | Splashed by a jelly's acid

Illustrated notes

Levels and vault maps discovered:
D:1:      erik_arrival_cave_to_civilisation [erik_arrival_cave_to_hall],
          layout_basic
D:2:      layout_rooms, chequers_ecumenical_altar_simple_redux, minmay_quantized
D:3:      layout_basic
D:4:      layout_loops_cross, minmay_temple_entry_slanted,
          kennysheep_small_spiral, minmay_quadrilaterals

Skill      XL: |  1  2  3  4  5 |
---------------+----------------+-----
Unarmed Combat | 3 |  3.6
Evocations     | 1 2 |  2.4
Shapeshifting  | 1 2 |  2.0
Dodging        | 3 |  3.1
Fighting       | |  3.0

Action                     |  1- 3 |  4- 6 || total
---------------------------+-------+-------++-------
  Melee: Unarmed           |   114 |    32 ||   146
         Whip              |       |    32 ||    32
    Use: Scroll            |     8 |     2 ||    10
         Potion            |       |     2 ||     2
 Armour: Robe              |    59 |    27 ||    86
  Dodge: Dodged            |    84 |    38 ||   122
